 Dungeon Crawl Stone Soup version 0.30-a0-459-g9104f0fc43 (webtiles) character file.

Game seed: 6528915693345719372

382 zishaf the Chopper (level 6, 0/57 HPs)
             Began as a Minotaur Berserker on Dec 15, 2022.
             Was a Believer of Trog.
             Slain by a gnoll
             ... wielding a +1 halberd of protection
              (10 damage)
             ... on level 4 of the Dungeon.
             The game lasted 00:03:07 (2430 turns).

zishaf the Chopper (Minotaur Berserker)             Turns: 2430, Time: 00:03:07

Health: 0/57       AC:  5    Str: 24    XL:     6   Next: 47%
Magic:  5/5        EV: 11    Int:  4    God:    Trog [**....]
Gold:   123        SH:  0    Dex:  9    Spells: 5/5 levels left

rFire   . . .      SeeInvis .    a - +1 hand axe
rCold   . . .      Faith    .    (no shield)
rNeg    . . .      Spirit   .    d - +0 ring mail
rPois   .          Reflect  .    (helmet restricted)
rElec   .          Harm     .    (no cloak)
rCorr   .          Rampage  .    (no gloves)
Will    .....                    (no boots)
Stlth   ..........               s - amulet of the acrobat
HPRegen 0.29/turn                (no ring)
MPRegen 0.09/turn                (no ring)

@: on berserk cooldown, slowed, very slow
A: horns 2, retaliatory headbutt
a: Renounce Religion, Berserk, Trog's Hand


You were on level 4 of the Dungeon.
You worshipped Trog.
Trog was pleased with you.
You visited 1 branch of the dungeon, and saw 4 of its levels.

You collected 123 gold pieces.

Inventory:

Hand Weapons
 a - a +1 hand axe (weapon)
Armour
 b - a +0 animal skin
 d - a +0 ring mail (worn)
Jewellery
 s - an amulet of the acrobat (around neck)
Scrolls
 q - a scroll of enchant weapon
 r - 2 scrolls of teleportation
Potions
 c - 2 potions of curing
 e - a potion of magic
 g - a potion of heal wounds {unknown}
 h - a potion of haste {unknown}
 j - a potion of attraction {unknown}
 l - a potion of cancellation {unknown}
 n - a potion of invisibility {unknown}
 o - 3 potions of lignification
 p - 3 potions of flight
 t - a potion of might {unknown}


   Skills:
 + Level 5.8 Fighting
 * Level 7.5 Axes
 - Level 2.4 Armour
 - Level 2.1 Dodging


You had 5 spell levels left.
You didn't know any spells.
Your spell library was empty.

Dungeon Overview and Level Annotations

Branches:
Dungeon (4/15)
 Temple: D:4-7

Altars:

Annotations:
D:4 1 runed translucent door, baller8008's ghost, amateur DECj


Innate Abilities, Weirdness & Mutations

You have a pair of horns on your head.
You reflexively headbutt those who attack you in melee.


Message History

You closely miss Natasha. Your punch misses Natasha.
Natasha is heavily wounded.
You hit the iron imp. The iron imp barely misses you. You furiously retaliate!
You headbutt the iron imp!!
You kill the iron imp!
The iron imp disappears in a puff of smoke!
The gnoll hits you from afar with a +0 spear.
The gnoll hits you from afar with a +1 halberd of protection!
Natasha claws you.
* * * LOW HITPOINT WARNING * * *
You barely miss Natasha.
Natasha is heavily wounded.
You barely miss the shadow imp. You slash Natasha!
You kill Natasha!
Trog accepts your kill.
Trog appreciates your killing of a magic user.
Natasha growls in agony!
The shadow imp disappears in a puff of smoke!
The gnoll hits you from afar with a +1 halberd of protection.
* * * LOW HITPOINT WARNING * * *
The gnoll barely misses you.
You hit the gnoll.
The gnoll is moderately wounded.
The gnoll hits you from afar with a +1 halberd of protection!
* * * LOW HITPOINT WARNING * * *
The gnoll closely misses you.
You slash the gnoll!
You kill the gnoll!
Trog accepts your kill. The gnoll completely misses you.
You are no longer berserk.
You are exhausted.
You feel yourself slow down.
You hit the gnoll.
The gnoll is lightly wounded.
The gnoll barely misses you.
A hound comes into view.
The gnoll hits you with a +1 halberd of protection!
You die...

#~~~#.... ...... #~~r#h..
..... #rWS#... .....
#+##.. ... ..... ... #.
#..# #.#
#...##.†########+#####'##
+.....)..)...............
#^......@)........).<....
#.......g................
##..###...#####.####..###
#' ###'# # #### .. .. .
... .... ....


You could see a hound (wandering), baller8008's ghost, a gnoll, an adder, a
river rat and a rat.

Vanquished Creatures
  Grinder (D:3)
  An orc priest (D:3)
  Natasha (D:4)
  An orc wizard (D:2)
  3 gnolls (D:4)
  2 adders
  11 orcs
  6 ball pythons
  3 bats
  4 endoplasms
  2 giant cockroaches (D:1)
  6 goblins
  6 hobgoblins
  3 quokkas
  3 frilled lizards
  6 kobolds
  4 rats
63 creatures vanquished.

Notes
Turn   | Place    | Note
-------+----------+-------------------------------------------
     0 | D:1      | zishaf the Minotaur Berserker began the quest for the Orb.
     0 | D:1      | Reached XP level 1. HP: 19/19 MP: 0/0
    71 | D:1      | You fall into a shaft and drop 1 floor!
    88 | D:2      | Reached skill level 4 in Axes
   126 | D:2      | Reached XP level 2. HP: 27/27 MP: 1/1
   224 | D:2      | Reached XP level 3. HP: 25/33 MP: 2/2
   232 | D:2      | Reached skill level 5 in Axes
   547 | D:1      | Found a faded altar of an unknown god.
   633 | D:1      | Reached ** piety under Trog
  1044 | D:2      | Reached XP level 4. HP: 31/41 MP: 3/3
  1930 | D:3      | Noticed Grinder
  1940 | D:3      | Paralysed by Grinder for 4 turns
  1953 | D:3      | Paralysed by Grinder for 5 turns
  1966 | D:3      | Killed Grinder
  1967 | D:3      | Reached skill level 5 in Fighting
  1967 | D:3      | Reached skill level 7 in Axes
  1967 | D:3      | Reached XP level 5. HP: 16/48 MP: 4/4
  1967 | D:3      | Reached XP level 6. HP: 19/56 MP: 5/5
  2412 | D:4      | Found a runed translucent door.
  2412 | D:4      | Noticed baller8008's ghost (amateur DECj)
  2412 | D:4      | Noticed Natasha
  2425 | D:4      | Killed Natasha
  2430 | D:4      | Slain by a gnoll

Illustrated notes

Levels and vault maps discovered:
D:1:      erik_arrival_triangle_large, layout_basic,
          chequers_ecumenical_altar_simple_redux
D:2:      layout_basic, dreamdust_princess_corridor
D:3:      layout_basic, uniq_grinder
D:4:      layout_gridville, minitemple, ebering_ghost_sewer_f, uniq_natasha,
          uniq_edmund, uniq_sigmund

Skill      XL: |  1  2  3  4 |
---------------+-------------+-----
Axes           | 4 5 7 |  7.5
Fighting       | 4 5 |  5.8
Armour         | |  2.4
Dodging        | |  2.1

Action                   |  1- 3 |  4- 6 || total
-------------------------+-------+-------++-------
Melee: Hand axe          |    71 |    92 ||   163
       Headbutt          |    14 |    11 ||    25
Invok: Trog's Hand       |       |     1 ||     1
       Berserk           |       |     2 ||     2
  Use: Scroll            |       |    10 ||    10
Armor: Animal skin       |     3 |       ||     3
       Ring mail         |    21 |    22 ||    43
Dodge: Dodged            |    40 |    59 ||    99

Table legend: (Time is in decaauts)
 A = Elapsed time spent in this place.
 B = Non-inter-level travel time spent in this place.
 C = Inter-level travel time spent in this place.
 D = Time resting spent in this place.
 E = Time spent auto-exploring this place.
 F = Levels seen in this place.
 G = Mean time per level.
                   A        B        C        D        E       F      G
               +--------+--------+--------+--------+--------+-----+--------+
         Total |   2436 |   2344 |     92 |      0 |   1956 |   4 |  609.0 |
       Dungeon |   2436 |   2344 |     92 |      0 |   1956 |   4 |  609.0 |
               +--------+--------+--------+--------+--------+-----+--------+

Top non-repeatable levels by time:
     D:3: 988 daAuts
     D:1: 777 daAuts
     D:2: 641 daAuts
     D:4: 29 daAuts
